[Event "Late-Titled-Tuesday-Blitz-September-26-2023"]
[Site "Chess.com"]
[Date "2023.09.26"]
[Round "5"]
[White "platy3"]
[Black "jk13"]
[Result "1/2-1/2"]
[WhiteElo "2874"]
[BlackElo "2625"]
[TimeControl "180+1"]
[EndTime "14:54:46 PDT"]
[Termination "Game drawn by repetition"]

1. e4 e5 2. Nf3 Nc6 3. Nc3 Nf6 4.
Bb5 Bd6 5. d3 O-O 6. O-O Re8 7.
Bg5 a6 8. Bxc6 dxc6 9. Ne2 c5 10.
Nd2 h6 11. Bh4 Be7 12. Nc4 Nh5 13. Bxe7 Qxe7 14. Qd2 Bd7 15. f4 Nxf4 16. Nxf4 exf4 17. Qxf4 Be6 18. Ne3 Rad8 19. b3 b5 20. Rad1 Qd6 21. c4 Qxf4 22. Rxf4 b4 23. Kf2 Rd7 24. Nc2 g5 25. Rf3 Bg4 26. Ne3 Bxf3 27. gxf3 a5 28. Nf5 Re6 29. Ke3 Ra6 30. h4 gxh4 31. Rh1 Kh7 32.
Rxh4 Rg6 33. Rh2 Rd8 34. Rh5 Re8 35. d4 cxd4+ 36. Nxd4 Rg5 37. Rh2 f5 38. Kf4 fxe4 39.
fxe4 Rf8+ 40. Nf5 Rf6 41. Ke5 Rfg6 42. Rd2 Rd6 43. Rh2 Rdg6 44. Rd2 Rd6 45. Rh2 Rdg6 1/2-1/2

[Event "Late-Titled-Tuesday-Blitz-September-26-2023"]
[Site "Chess.com"]
[Date "2023.09.26"]
[Round "5"]
[White "angryspacevoid"]
[Black "KaydenTroffChess"]
[Result "1-0"]
[WhiteElo "2518"]
[BlackElo "2762"]
[TimeControl "180+1"]
[EndTime "14:54:46 PDT"]
[Termination "angryspacevoid won by resignation"]

1. e4 c5 2. c3 g6 3. d4 cxd4 4.
cxd4 d5 5. Bb5+ Nc6 6. Nc3 a6 7. Ba4 Nf6 8. e5 Nh5 9. Be3 Ng7 10. Rc1 e6 11. Nf3 Bd7 12. a3 Nf5 13. O-O h5 14. Qd2 Be7 15. Bc2 Rc8 16. Rfd1 Na5 17. Qe2 Nc4 18.
Bd3 Ncxe3 19. fxe3 Bg5 20. e4 Bxc1 21. exf5 Bxb2 22. Qxb2 gxf5 23. Ne2 Bc6 24. h4 Rg8 25. Nf4 Rg4 26. Nxh5 Kf8 27. Nf6 Rg6 28. Qd2 Bb5 29.
Bxb5 axb5 30. h5 Rxf6 31. exf6 Qxf6 32. Ne5 Kg7 33. Qf4 Rg8 34. Rd3 Kh7 35. Rg3 Rxg3 36. Qxg3 f4 37. Qd3+ Kh6 38. Ng4+ 1-0

[Event "Late-Titled-Tuesday-Blitz-September-26-2023"]
[Site "Chess.com"]
[Date "2023.09.26"]
[Round "5"]
[White "pirulillo"]
[Black "Horokoskii"]
[Result "1-0"]
[WhiteElo "2364"]
[BlackElo "2102"]
[TimeControl "180+1"]
[EndTime "14:54:46 PDT"]
[Termination "pirulillo won by resignation"]

1. e4 c5 2. Nf3 d6 3. d4 cxd4 4.
Nxd4 Nf6 5. Nc3 g6 6. Be2 Nc6 7. Nb3 Bg7 8. O-O O-O 9. Bg5 b6 10. f4 Bb7 11. Bf3 Rc8 12. Nd5 Nxd5 13. exd5 Nb4 14.
c3 Na6 15. Nd4 h6 16. Bh4 Nc5 17. Re1 Re8 18. Qe2 Bf8 19. Bg4 Rc7 20. Bf2 Bxd5 21.
b4 Nd7 22. Rad1 Nf6 23. Bf3 Rxc3 24. Bxd5 Nxd5 25. Ne6 Qa8 26. Nxf8 Rxf8 27. g3 e6 28. Bd4 Rc7 29. Ba1 Qc6 30. Qb2 Qc3 31. Qxc3 Nxc3 32. Rxd6 Nxa2 33. Bf6 Nxb4 34. f5 exf5 35. g4 fxg4 36.
h3 gxh3 37. Re3 h2+ 38. Kxh2 Rc2+ 39. Kg1 a5 40. Rh3 Kh7 41. Rd4 Rc6 42. Rxh6+ 1-0

[Event "Late-Titled-Tuesday-Blitz-September-26-2023"]
[Site "Chess.com"]
[Date "2023.09.26"]
[Round "5"]
[White "dzilleruelo"]
[Black "elpatodice"]
[Result "0-1"]
[WhiteElo "2308"]
[BlackElo "2456"]
[TimeControl "180+1"]
[EndTime "14:54:48 PDT"]
[Termination "elpatodice won by resignation"]

1. e4 c5 2. Nf3 d6 3. d4 cxd4 4. Qxd4 Nf6 5. Be2 Nc6 6. Qe3 g6 7. h3 Bg7 8. O-O O-O 9. Rd1 Qa5 10. Nc3 Nd7 11. Bd2 Qb6 12. Rab1 Qxe3 13. Bxe3 Bxc3 14. bxc3 b6 15. Nd4 Bb7 16. f3 Rac8 17. Nb5 Nc5 18.
Kf2 Ba6 19. Rd2 Bxb5 20. Bxb5 Ne5 21. Re1 Rc7 22. f4 Nxe4+ 23. Kf1 Nxd2+ 24. Bxd2 Nc4 25. Bxc4 Rxc4 26. Rxe7 Ra4 27. f5 Kg7 28. Bg5 gxf5 29. Rd7 Rxa2 30. Rxd6 f6 31. Be3 Rxc2 32. Bd4 Kg6 33.
Rd7 Ra2 34. h4 h5 35. Kg1 Rf7 36.
Rd5 f4 37. Kf1 Re7 38. Rd6 Rf7 39. Rd5 a5 40. Bxb6 a4 41. Bd4 a3 42. Ra5 Rb7 43.
Kg1 Rb1+ 44. Kh2 f3 45. Kg3 fxg2 46. Ra6 g1=Q+ 47. Bxg1 Rxg1+ 0-1

[Event "Late-Titled-Tuesday-Blitz-September-26-2023"]
[Site "Chess.com"]
[Date "2023.09.26"]
[Round "5"]
[White "MaxLeto"]
[Black "bylavochka"]
[Result "0-1"]
[WhiteElo "2501"]
[BlackElo "2306"]
[TimeControl "180+1"]
[EndTime "14:54:49 PDT"]
[Termination "bylavochka won on time"]

1. g4 d5 2. Bg2 Bxg4 3. c4 c6 4. Qb3 e6 5. Qxb7 Nd7 6. Nc3 Ngf6 7. b3 Be7 8. h3 Bf5 9. Nf3 h6 10. Qxc6 Rc8 11. Qa4 dxc4 12. bxc4 O-O 13. d3 Nc5 14. Qc2 Bxd3 15. exd3 Nxd3+ 16. Ke2 Nb4 17. Qb3 Qd3+ 18.
Ke1 Nc2+ 19. Qxc2 Qxc2 20. Bd2 Rxc4 21. Rc1 Qb2 22. Ne5 Rd4 23. Be3 Rdd8 24. Nc6 Ba3 25. Nxd8 Rxd8 26. Ne2 Qb4+ 27. Rc3 Bb2 28. Bd2 Bxc3 29.
Nxc3 Qb2 30. Nd5 Qb1+ 31. Ke2 Qb5+ 32. Ke1 Nxd5 33. Be4 Nb4 0-1

[Event "Late-Titled-Tuesday-Blitz-September-26-2023"]
[Site "Chess.com"]
[Date "2023.09.26"]
[Round "5"]
[White "ljm509"]
[Black "Chessdreamer2020"]
[Result "1-0"]
[WhiteElo "2338"]
[BlackElo "2524"]
[TimeControl "180+1"]
[EndTime "14:54:50 PDT"]
[Termination "ljm509 won by checkmate"]

1. e4 c5 2. Nf3 Nc6 3. d4 cxd4 4. Nxd4 Nf6 5. Nc3 e5 6. Ndb5 d6 7. Bg5 a6 8. Na3 b5 9. Nd5 Be7 10. Bxf6 Bxf6 11. c3 Bb7 12. Nc2 Ne7 13. Nce3 Bg5 14. a4 Bxe3 15. Nxe3 Bxe4 16. axb5 axb5 17. Bxb5+ Kf8 18.
O-O Rb8 19. c4 g6 20. Ra6 Rb6 21. Ng4 Kg7 22. Qd2 h5 23. Rxb6 Qxb6 24. Ne3 Rd8 25.
Ba4 Rb8 26. b3 Qc5 27. Rd1 Rb6 28. h3 Nf5 29. Nxf5+ Bxf5 30. Kh2 Be6 31. f4 e4 32. Re1 f5 33. Qc3+ Kf7 34. Qh8 Qf2 35. Qe8+ Kf6 36.
Qf8+ Bf7 37. Be8 Rb7 38. Qxd6+ Kg7 39. Qe5+ Kg8 40. Bxf7+ Rxf7 41. Rd1 Kh7 42. Rd8 Rg7 43. Qb8 g5 44. Rh8+ Kg6 45. Qd6+ Kf7 46. Qd7+ Kg6 47. Qe6# 1-0

[Event "Late-Titled-Tuesday-Blitz-September-26-2023"]
[Site "Chess.com"]
[Date "2023.09.26"]
[Round "5"]
[White "Zaro1309"]
[Black "chesselephant"]
[Result "0-1"]
[WhiteElo "2318"]
[BlackElo "2530"]
[TimeControl "180+1"]
[EndTime "14:54:51 PDT"]
[Termination "chesselephant won by resignation"]

1. d4 Nf6 2. Bf4 c5 3. e3 Qb6 4.
Nc3 cxd4 5. exd4 d6 6. Qd2 g6 7.
Bc4 Bg7 8. Nf3 O-O 9. Bb3 Bg4 10.
O-O-O Nc6 11. Rhe1 Nh5 12. d5 Bxf3 13. gxf3 Ne5 14.
Bxe5 Bxe5 15. Rxe5 dxe5 16. Qg5 Qf6 17. Qxf6 Nxf6 18.
d6 exd6 19. Rxd6 Kg7 20. Rd1 a6 21. Re1 Rfe8 22. Na4 Rad8 23. Nc5 Re7 24. f4 e4 25. c3 Nh5 26. f5 gxf5 27. Rg1+ Kf6 28. Bc2 Nf4 29. Kb1 Rd2 30. f3 exf3 31. Kc1 f2 32. Rf1 Re1+ 33. Kxd2 Rxf1 34. Ke3 Rc1 35. Kxf2 Rxc2+ 36.
Kf3 Ne6 37. Nd3 Rd2 38. Ke3 Rxh2 39. c4 Rh3+ 40. Kd2 Rxd3+ 41. Kxd3 h5 42. b4 Ke5 43. c5 Kd5 44. c6 Kxc6 0-1

[Event "Late-Titled-Tuesday-Blitz-September-26-2023"]
[Site "Chess.com"]
[Date "2023.09.26"]
[Round "5"]
[White "CheckThis4"]
[Black "YEIKO2017"]
[Result "1-0"]
[WhiteElo "2676"]
[BlackElo "2468"]
[TimeControl "180+1"]
[EndTime "14:54:52 PDT"]
[Termination "CheckThis4 won on time"]

1. e4 c5 2. Nf3 d6 3. d4 cxd4 4. Nxd4 Nf6 5. Nc3 g6 6. Be3 Bg7 7. f3 O-O 8. Qd2 Nc6 9. O-O-O d5 10. Qe1 e6 11. h4 Qe7 12. h5 Nxh5 13. g4 Nxd4 14.
Bxd4 Bxd4 15. Rxd4 Nf4 16. exd5 Qg5 17. Qd2 e5 18.
Ne4 Qd8 19. g5 f5 20. gxf6 Bf5 21. Bc4 Kh8 22. Ng5 h5 23. Rxf4 exf4 24. Qxf4 Qxf6 25. d6 Kg7 26. Re1 Rae8 27. Rd1 Bd7 28. Qxf6+ Rxf6 29. Bb3 Rf5 30. Ne4 Rxf3 31. Nc5 Bg4 32. d7 Rd8 33. Be6 Rf6 34. Bxg4 hxg4 35. Nxb7 Rff8 36.
Nxd8 Rxd8 37. c4 g3 38. c5 g2 39. c6 1-0

[Event "Late-Titled-Tuesday-Blitz-September-26-2023"]
[Site "Chess.com"]
[Date "2023.09.26"]
[Round "5"]
[White "BillieKimbah"]
[Black "bettercallcafu"]
[Result "1-0"]
[WhiteElo "2974"]
[BlackElo "2685"]
[TimeControl "180+1"]
[EndTime "14:54:54 PDT"]
[Termination "BillieKimbah won by resignation"]

1. e4 c5 2. Nf3 d6 3. Bc4 e6 4. O-O Nf6 5. d3 Nc6 6. c3 Be7 7. Bb3 d5 8. e5 Nd7 9. d4 f6 10. exf6 Nxf6 11. Re1 O-O 12. Bg5 Qc7 13. Nbd2 cxd4 14.
cxd4 Bd6 15. Bh4 Bd7 16. Bg3 Rac8 17. Rc1 Bxg3 18. hxg3 Qd6 19. Nf1 Be8 20. Ng5 Bd7 21. Ne3 h6 22. Nf3 Ne4 23. Bc2 Qe7 24. Ng4 Ng5 25.
Nfe5 Nxe5 26. Nxe5 Rf6 27. Qd3 Rcf8 28. f3 a6 29. Ng6 Qd6 30. Ne5 Bb5 31. Qd2 Nf7 32.
Bb1 Nxe5 33. Rxe5 Be8 34. Rce1 Qb6 35. Kh2 Bf7 36. g4 Rc8 37. Bd3 Kh8 38. Qf2 Kg8 39. g5 hxg5 40. Rxg5 Rh6+ 41. Kg1 Qd6 42. Rge5 Qe7 43.
Bf5 Qh4 44. Qxh4 Rxh4 45. Rxe6 Bxe6 46. Bxe6+ 1-0

[Event "Late-Titled-Tuesday-Blitz-September-26-2023"]
[Site "Chess.com"]
[Date "2023.09.26"]
[Round "5"]
[White "rychessmaster1"]
[Black "aNaartjieZA"]
[Result "0-1"]
[WhiteElo "2713"]
[BlackElo "2610"]
[TimeControl "180+1"]
[EndTime "14:54:54 PDT"]
[Termination "aNaartjieZA won on time"]

1. d4 Nf6 2. c4 c5 3. d5 e5 4.
Nc3 d6 5. e4 Nbd7 6. h3 Be7 7.
g4 h6 8. Nge2 Nf8 9. Ng3 N6h7 10.
Nh5 Rg8 11. Be2 g6 12. Ng3 Bg5 13. Qd3 Bf4 14. h4 Nf6 15. Rg1 Bxg4 16. Bxg4 Nxg4 17. h5 Qf6 18. Qf3 Nh2 19. Qg2 Bxc1 20. Rxc1 Nf3+ 21. Ke2 Nxg1+ 22. Rxg1 Nh7 23. Nb5 Rd8 24. Nf1 Ng5 25.
hxg6 fxg6 26. Qg4 Rf8 27. Rg2 Qf4 28. Nc7+ Ke7 29. Ne3 Qxe4 30. Qxe4 Nxe4 31. Rxg6 Rxf2+ 32. Ke1 Rf6 33. Rg7+ Rf7 34. Rg4 Ng5 35. Ke2 a6 36.
Rh4 Rh8 37. Ng4 h5 38. Nf2 Kd7 39. Ne6 Nxe6 40. dxe6+ Kxe6 41. Ne4 Rf4 42. Ng5+ Kf5 0-1

[Event "Late-Titled-Tuesday-Blitz-September-26-2023"]
[Site "Chess.com"]
[Date "2023.09.26"]
[Round "5"]
[White "Mops_2004"]
[Black "scandalgod"]
[Result "1-0"]
[WhiteElo "2776"]
[BlackElo "2499"]
[TimeControl "180+1"]
[EndTime "14:54:55 PDT"]
[Termination "Mops_2004 won on time"]

1. g3 d5 2. Nf3 Nf6 3. Bg2 c6 4. O-O Bf5 5. c4 e6 6. Qb3 Qb6 7. d3 Nbd7 8. cxd5 exd5 9. Qc2 Be7 10. Nc3 O-O 11. e4 Bg6 12. Nh4 dxe4 13. dxe4 Rfe8 14. Bf4 Nc5 15. Nxg6 hxg6 16. e5 Nfd7 17. Be3 Qa5 18. f4 Ne6 19. Ne4 Rad8 20. a3 Ndc5 21. Kh1 Nxe4 22.
Bxe4 Qb5 23. Rad1 Rxd1 24. Rxd1 Rd8 25. Rxd8+ Bxd8 26. Kg2 Bb6 27. Bxb6 axb6 28. b4 c5 29. Qd3 Qa4 30. Qc3 Qd1 31. Bf3 Qb1 32. Bxb7 Qa2+ 33. Kh3 cxb4 34. axb4 Qf2 35. Bd5 Nd4 36. Qd3 Nf5 37. Be4 Nh6 38. e6 f5 39. e7 Kf7 40. Qd7 1-0

[Event "Late-Titled-Tuesday-Blitz-September-26-2023"]
[Site "Chess.com"]
[Date "2023.09.26"]
[Round "5"]
[White "ejalmedina"]
[Black "LeninGuerra"]
[Result "1-0"]
[WhiteElo "2329"]
[BlackElo "2525"]
[TimeControl "180+1"]
[EndTime "14:54:55 PDT"]
[Termination "ejalmedina won on time"]

1. d4 Nf6 2. c4 e6 3. Nc3 Bb4 4.
Qc2 c5 5. dxc5 O-O 6. a3 Bxc5 7. Nf3 b6 8. Bg5 Bb7 9. e4 h6 10. Bh4 Be7 11. Be2 d6 12. O-O Nbd7 13. Rad1 a6 14. Rd2 Rc8 15. Rfd1 Qc7 16. Bg3 Ne5 17. Nxe5 dxe5 18.
b4 Qb8 19. f3 a5 20. Qb2 axb4 21. axb4 Nh5 22. Bf2 Nf4 23. Bf1 Bc6 24. b5 Be8 25. Na4 Bd8 26. Rd6 Bc7 27. Nxb6 Bxd6 28. Nxc8 Bc7 29. Ne7+ Kh7 30. b6 Bd6 31. Nc8 Qxc8 32. Rxd6 f6 33. b7 Qb8 34. Rd8 Qxd8 35. b8=Q Qd1 36. g3 Nh3+ 37. Kg2 Ng5 38. Be2 Qd7 39. Q2b7 Qd2 40. Qb2 Qd7 41. Q8b4 1-0

[Event "Late-Titled-Tuesday-Blitz-September-26-2023"]
[Site "Chess.com"]
[Date "2023.09.26"]
[Round "5"]
[White "Angry_Twin"]
[Black "DanielNaroditsky"]
[Result "0-1"]
[WhiteElo "2946"]
[BlackElo "3139"]
[TimeControl "180+1"]
[EndTime "14:54:58 PDT"]
[Termination "DanielNaroditsky won by checkmate"]

1. e4 c5 2. Nf3 d6 3. Bb5+ Nd7 4. O-O a6 5. Bd3 Ngf6 6. Re1 g5 7. Nxg5 Ne5 8. Be2 Rg8 9. Nf3 Bh3 10. g3 Nc6 11. d4 cxd4 12. Nxd4 Qd7 13. Nc3 e6 14. Bf3 Ne5 15.
Bg2 Bxg2 16. Kxg2 Rc8 17. f4 Ng6 18. Kh1 b5 19. a3 Qb7 20. Qf3 Rc4 21. Be3 Be7 22. Bf2 h5 23. Rad1 h4 24. Rd3 hxg3 25. hxg3 Nd7 26. Nf5 Nde5 27. fxe5 Nxe5 28. Qg2 exf5 29.
Rd4 f4 30. Rxc4 Rh8+ 31. Kg1 f3 32. Qf1 bxc4 33. Bd4 Qxb2 34. Bxe5 dxe5 35. Qxf3 Bc5+ 36. Kg2 Qxc2+ 37. Ne2 Qd2 38. Rf1 Rh7 39. Rc1 Qh6 40.
Rxc4 Qh1# 0-1

[Event "Late-Titled-Tuesday-Blitz-September-26-2023"]
[Site "Chess.com"]
[Date "2023.09.26"]
[Round "5"]
[White "GothamChess"]
[Black "Njal28"]
[Result "0-1"]
[WhiteElo "2711"]
[BlackElo "3083"]
[TimeControl "180+1"]
[EndTime "14:54:58 PDT"]
[Termination "Njal28 won by resignation"]

1. e4 g6 2. Bc4 Bg7 3. Qf3 e6 4. d4 Bxd4 5. Ne2 Bg7 6. Nbc3 Nc6 7. Qg3 d6 8. Bg5 Nge7 9. O-O-O Bd7 10. h4 h6 11. Be3 h5 12. Bg5 a6 13.
f4 b5 14. Bb3 b4 15. f5 Be5 16. Qf2 bxc3 17. fxg6 cxb2+ 18. Kb1 O-O 19. g7 Bxg7 20. Ng3 f6 21. Be3 Qe8 22. Qe2 Ne5 23. Nxh5 Bb5 24.
Bxe6+ Kh7 25. c4 Bxc4 26. Bxc4 Nxc4 27. Nxg7 Qb5 28. Qd3 Kxg7 29. Bd4 Qb4 30. Rh3 c5 31.
a3 Nxa3+ 32. Qxa3 Qxa3 33. Rxa3 cxd4 34. Rxd4 Rab8 35. Rxd6 Rfc8 36. Rd1 Rc6 37. h5 Kh6 38.
Rg3 Rc1+ 39. Rxc1 bxc1=Q+ 40. Kxc1 Kxh5 41. Rg7 Nc6 42. Rf7 Kg6 43. Rc7 Ne5 44. Kd1 Rb4 45. Ke2 Rxe4+ 46. Kf2 Ra4 47. Kg3 f5 48. Kh3 Kg5 49.
g3 a5 50. Rg7+ Kf6 51. Ra7 Ra1 52. Ra6+ Kg5 53. Kg2 a4 54. Ra8 a3 55. Kh2 a2 56.
g4 Nxg4+ 57. Kg2 Ne3+ 58. Kh2 Nd5 59. Ra3 Nb4 60. Kg2 Rb1 61. Rg3+ Kf6 0-1

[Event "Late-Titled-Tuesday-Blitz-September-26-2023"]
[Site "Chess.com"]
[Date "2023.09.26"]
[Round "5"]
[White "artin10862"]
[Black "karinachess1"]
[Result "1-0"]
[WhiteElo "2883"]
[BlackElo "2625"]
[TimeControl "180+1"]
[EndTime "14:54:59 PDT"]
[Termination "artin10862 won on time"]

1. d4 Nf6 2. e3 e6 3. Nf3 d5 4. Nbd2 Be7 5. Bd3 b6 6. Qe2 O-O 7. Ne5 c5 8. c3 Bb7 9. O-O Nbd7 10. f4 Ne4 11. Nxe4 dxe4 12. Bc4 Qc7 13. b3 Nf6 14.
Bb2 Nd5 15. Ba6 f6 16. Bxb7 Qxb7 17. Ng4 f5 18. Ne5 Bf6 19. c4 Nb4 20. a3 Bxe5 21.
axb4 Bd6 22. dxc5 bxc5 23. b5 a6 24. Rfd1 Be7 25. Ra4 axb5 26. cxb5 Rab8 27. Qc4 Qxb5 28. Qxe6+ Rf7 29. Ra3 Qe2 30. Rb1 Qxe3+ 31. Kh1 c4 32. Be5 Rd8 33. Raa1 cxb3 34. Rxb3 Qe2 35. h3 Rd1+ 36.
Rxd1 Qxd1+ 37. Kh2 1-0

[Event "Late-Titled-Tuesday-Blitz-September-26-2023"]
[Site "Chess.com"]
[Date "2023.09.26"]
[Round "5"]
[White "SEBAZZANO"]
[Black "agustinv04"]
[Result "1/2-1/2"]
[WhiteElo "2212"]
[BlackElo "2366"]
[TimeControl "180+1"]
[EndTime "14:55:00 PDT"]
[Termination "Game drawn by repetition"]

1. d4 Nf6 2. Bf4 g6 3. Nc3 d5 4.
e3 Bg7 5. h4 h5 6. Nf3 c6 7.
Ne5 Nbd7 8. Be2 Nxe5 9. Bxe5 b5 10. f3 a5 11. Qd2 a4 12. a3 Qb6 13. O-O O-O 14. Na2 Be6 15. Nb4 Rac8 16. Nd3 Nd7 17.
Bxg7 Kxg7 18. Kh2 f5 19. f4 Nf6 20. Bf3 Bd7 21. Nc5 Rfd8 22. Rfb1 Kf7 23. b3 axb3 24. cxb3 Ra8 25. a4 Ne4 26. Bxe4 dxe4 27. a5 Qc7 28. b4 Be6 29. Rc1 Bd5 30. Qc3 e6 31. a6 Ra7 32. Ra5 Rda8 33. Rca1 Qb6 34. Nb7 Qc7 35. Qc5 Kf6 36. Nd6 Kg7 37. Nb7 Kf6 38. Nd6 Kg7 39.
Nb7 Kf6 1/2-1/2

[Event "Late-Titled-Tuesday-Blitz-September-26-2023"]
[Site "Chess.com"]
[Date "2023.09.26"]
[Round "5"]
[White "German_Bazeev"]
[Black "Fan_Of_Chucky"]
[Result "0-1"]
[WhiteElo "2749"]
[BlackElo "2515"]
[TimeControl "180+1"]
[EndTime "14:55:01 PDT"]
[Termination "Fan_Of_Chucky won by resignation"]

1. d4 Nf6 2. Nf3 c5 3. d5 b5 4. Bg5 Qb6 5. a4 bxa4 6. Bxf6 Qxf6 7. c3 g6 8. e4 Bg7 9. Nbd2 O-O 10. Bd3 Ba6 11.
Bxa6 Qxa6 12. Qxa4 Qb7 13. Nc4 d6 14. O-O Nd7 15. Nfd2 Nb6 16. Qa6 Qc7 17. Nxb6 Qxb6 18. Nc4 Qc7 19. Ra2 Rfb8 20. Rfa1 Rb7 21. g3 h5 22. Qa4 h4 23. Kg2 Qc8 24. Qd1 h3+ 25.
Kg1 Qd7 26. Ra6 Rab8 27. R1a2 Rb3 28. Rxa7 Qb5 29. Qf1 Bxc3 30. Rxe7 Bxb2 31. Rxb2 Rxb2 32. Nxb2 Qxf1+ 33. Kxf1 Rxb2 34. Rd7 Rb6 35. Ke2 Kg7 36. f4 Rb2+ 37. Kf3 Rxh2 38. Rxd6 Rb2 39. Ra6 c4 40. Ke3 c3 41. Ra1 h2 42. d6 c2 43. d7 Rb1 44.
d8=Q c1=Q+ 45. Kf3 0-1

[Event "Late-Titled-Tuesday-Blitz-September-26-2023"]
[Site "Chess.com"]
[Date "2023.09.26"]
[Round "5"]
[White "BeautiFullMindChess"]
[Black "AlexandraBotez"]
[Result "1-0"]
[WhiteElo "2387"]
[BlackElo "2224"]
[TimeControl "180+1"]
[EndTime "14:55:01 PDT"]
[Termination "BeautiFullMindChess won on time"]

1. e4 e6 2. d4 d5 3. e5 c5 4.
c3 Nc6 5. Nf3 cxd4 6. cxd4 Bb4+ 7.
Nc3 Nge7 8. Bd3 Nf5 9. Bxf5 exf5 10. O-O h6 11. h4 Bxc3 12. bxc3 Be6 13. Rb1 Rb8 14. Re1 O-O 15. g3 Qa5 16. Bd2 Qxa2 17. Kg2 Rfc8 18. h5 a6 19. Qc1 Kh7 20. Ra1 Qc4 21. Qb1 Ne7 22. g4 Rc6 23. g5 b5 24.
gxh6 gxh6 25. Kh2 Rg8 26. Rg1 Rxg1 27. Qxg1 Qe2 28. Qg3 Rc8 29. Re1 Qc4 30. Rg1 Rg8 31. Qf4 Rxg1 32. Qxh6+ Kg8 33. Kxg1 f4 34. Bxf4 Qd3 35.
Ng5 Qf5 36. Be3 a5 37. Kg2 a4 38. Nh3 Qxh3+ 39. Kg1 Qg4+ 40. Kf1 a3 41. Bg5 1-0

[Event "Late-Titled-Tuesday-Blitz-September-26-2023"]
[Site "Chess.com"]
[Date "2023.09.26"]
[Round "5"]
[White "CURRUTACO59"]
[Black "ExchangeAB"]
[Result "1/2-1/2"]
[WhiteElo "2257"]
[BlackElo "2408"]
[TimeControl "180+1"]
[EndTime "14:55:02 PDT"]
[Termination "Game drawn by repetition"]

1. Nf3 d5 2. d4 c5 3. e3 cxd4 4. exd4 Nf6 5. Bd3 Bg4 6. O-O e6 7. c3 Nc6 8. h3 Bh5 9. Bf4 Bd6 10. Bxd6 Qxd6 11. Nbd2 Bg6 12. Bxg6 hxg6 13. Re1 O-O 14. Ne5 Qc7 15. f4 b5 16. a3 a5 17. b4 Nd7 18.
Qe2 Ncxe5 19. fxe5 Qxc3 20. Nf3 Qc4 21. Qd2 axb4 22.
axb4 Rxa1 23. Rxa1 Rc8 24. Ra7 Qc6 25. Kh2 Ra8 26. Qa2 Nb6 27. Ng5 Rxa7 28. Qxa7 Nd7 29. Qa5 Nb6 30. Qa7 Nd7 31. Qa5 Nf8 32. Qd8 Qd7 33.
Qb8 f6 34. Nf3 Kf7 35. h4 Ke7 36. Qb6 Qe8 37. Qc5+ Kf7 38. Qa7+ Qd7 39. Qc5 Kg8 40. Qb6 Kf7 41. Qc5 Kg8 42. Qb6 Kf7 43.
Qc5 1/2-1/2

[Event "Late-Titled-Tuesday-Blitz-September-26-2023"]
[Site "Chess.com"]
[Date "2023.09.26"]
[Round "5"]
[White "Hrant_ChessMood"]
[Black "ukchessbomber"]
[Result "1/2-1/2"]
[WhiteElo "2897"]
[BlackElo "2668"]
[TimeControl "180+1"]
[EndTime "14:55:03 PDT"]
[Termination "Game drawn - insufficient material"]

1. d4 b5 2. e4 Bb7 3. Bxb5 Bxe4 4. Nf3 e6 5. O-O Nf6 6. Nc3 Bxf3 7. Qxf3 c6 8. Ba4 d5 9. Nd1 Be7 10. Ne3 O-O 11. c3 c5 12. dxc5 Bxc5 13. Rd1 Nbd7 14. Bc2 Qb6 15. b3 Rac8 16. Bb2 Bxe3 17. Qxe3 Qxe3 18. fxe3 Nc5 19. Rac1 Nce4 20. Bd3 Ng4 21. Re1 Ne5 22. Bf1 f6 23. c4 Nd2 24. cxd5 Nxf1 25.
Rxf1 Nd3 26. Rxc8 Rxc8 27. Bd4 exd5 28. Rd1 Rc1 29. Rxc1 Nxc1 30. Bxa7 Nxa2 31. Kf1 Kf7 32. Bc5 Nc1 33. b4 Nd3 34. Ke2 Nxc5 35. bxc5 Ke6 36. Kd3 Kd7 37. Kd4 Kc6 38. g3 g6 39. g4 h6 40. h4 h5 41. gxh5 gxh5 42. e4 dxe4 43. Kxe4 Kxc5 44. Kf5 Kd6 45. Kxf6 Kd7 46. Kf7 Kd8 47.
Kg6 Ke8 48. Kxh5 Kf8 49. Kg4 Kg8 50. h5 Kh8 51. h6 Kg8 52. h7+ Kh8 53. Kg3 Kg7 54.
h8=Q+ Kxh8 1/2-1/2

[Event "Late-Titled-Tuesday-Blitz-September-26-2023"]
[Site "Chess.com"]
[Date "2023.09.26"]
[Round "5"]
[White "jaskol95"]
[Black "JonasGallasch"]
[Result "1-0"]
[WhiteElo "2628"]
[BlackElo "2440"]
[TimeControl "180+1"]
[EndTime "14:55:05 PDT"]
[Termination "jaskol95 won by resignation"]

1. e4 c6 2. d4 d5 3. e5 c5 4. dxc5 e6 5. a3 Nc6 6. b4 a5 7. b5 Nxe5 8. Bb2 Nd7 9. c6 bxc6 10. bxc6 Nc5 11. Bb5 Qb6 12. a4 Ba6 13. Nc3 Nf6 14. Nf3 Nce4 15. O-O Bxb5 16. Nxb5 Qxc6 17. c4 Bc5 18.
cxd5 exd5 19. Nfd4 Qd7 20. Rc1 O-O 21. Qd3 Rac8 22.
Rcd1 Rfd8 23. Qf3 Bf8 24. Nf5 Rc2 25. Bd4 Rd2 26. Bxf6 Rxd1 27. Rxd1 Nxf6 28. Nbd4 g6 29. Qg3 Ne4 30. Qg4 Bg7 31. f3 h5 32. Qf4 gxf5 33.
fxe4 dxe4 34. Qg5 Qc7 35. h4 Kh7 36. Qxh5+ Kg8 37. Qg5 Kf8 38. Ne6+ fxe6 39. Rxd8+ Kf7 40. Rd1 Bf6 41. Qh5+ Ke7 42. Qh7+ 1-0

[Event "Late-Titled-Tuesday-Blitz-September-26-2023"]
[Site "Chess.com"]
[Date "2023.09.26"]
[Round "5"]
[White "Roenko_Artur"]
[Black "Gameking51"]
[Result "0-1"]
[WhiteElo "2455"]
[BlackElo "2609"]
[TimeControl "180+1"]
[EndTime "14:55:05 PDT"]
[Termination "Gameking51 won by resignation"]

1. e4 c5 2. c3 Nf6 3. e5 Nd5 4. Bc4 Nb6 5. Bb3 c4 6. Bc2 d6 7. exd6 Qxd6 8. Nf3 Nc6 9. O-O Bg4 10. b3 e6 11. bxc4 Nxc4 12. d4 Be7 13. Bd3 Nb6 14. Ba3 Qc7 15. Bxe7 Qxe7 16. Nbd2 O-O 17. Qe2 Rfe8 18. Rfe1 Rad8 19. a4 Nd5 20. Ne4 Nf4 21. Qe3 Nxd3 22. Qxd3 e5 23. Neg5 g6 24. Qe4 f5 25.
Qc2 h6 26. h3 Bh5 27. g4 fxg4 28. hxg4 Bxg4 29. Qxg6+ Qg7 30. Qxg7+ Kxg7 31. Re4 Bf5 32.
Nh4 Bxe4 33. Nxe4 exd4 34. f3 dxc3 35. Rc1 Nd4 36. Kf2 Rc8 37. Rxc3 Rxc3 38. Nxc3 Rc8 39. Nd5 Rc4 40. a5 Ra4 41. Ng2 Rxa5 42. Nde3 Ra2+ 43.
Kg3 Kf6 44. Nf4 Nf5+ 0-1

[Event "Late-Titled-Tuesday-Blitz-September-26-2023"]
[Site "Chess.com"]
[Date "2023.09.26"]
[Round "5"]
[White "reevecanada"]
[Black "AradNazari"]
[Result "0-1"]
[WhiteElo "2521"]
[BlackElo "2782"]
[TimeControl "180+1"]
[EndTime "14:55:06 PDT"]
[Termination "AradNazari won by checkmate"]

1. e4 c5 2. Nf3 d6 3. Bb5+ Nd7 4.
d4 cxd4 5. Nxd4 a6 6. Bd3 Ngf6 7. O-O g6 8. Re1 Bg7 9. c4 O-O 10. Nc3 Ne5 11. Bf1 Bd7 12. b3 Nc6 13. Bb2 Nxd4 14.
Qxd4 Qa5 15. b4 Qg5 16. f4 Qh6 17. Nd5 Nxd5 18. Qxg7+ Qxg7 19. Bxg7 Kxg7 20. exd5 Rfe8 21. c5 Rac8 22. Rac1 Kf6 23. a3 a5 24. h3 axb4 25.
axb4 h5 26. Kf2 e6 27. cxd6 Rxc1 28. Rxc1 exd5 29. Rc7 Ke6 30. Rxb7 Rc8 31. Rb6 Rc3 32. g4 hxg4 33. hxg4 d4 34. Ke2 Rc6 35. Rxc6 Bxc6 36. Kd3 Bb5+ 37. Kxd4 Bxf1 38. Kc5 Bg2 39. f5+ gxf5 40.
gxf5+ Kd7 41. b5 f6 42. Kb6 Kxd6 43. Ka7 Ke5 44. b6 Kxf5 45. b7 Bxb7 46. Kxb7 Ke4 47. Ka8 f5 48. Kb8 f4 49. Ka8 f3 50. Kb8 f2 51. Ka8 f1=Q 52. Kb8 Qb5+ 53. Ka8 Kd5 54. Ka7 Kc6 55. Ka8 Qb7# 0-1

[Event "Late-Titled-Tuesday-Blitz-September-26-2023"]
[Site "Chess.com"]
[Date "2023.09.26"]
[Round "5"]
[White "UK_23"]
[Black "djano"]
[Result "1/2-1/2"]
[WhiteElo "2471"]
[BlackElo "2658"]
[TimeControl "180+1"]
[EndTime "14:55:06 PDT"]
[Termination "Game drawn by repetition"]

1. e4 c5 2. Nf3 Nc6 3. Bb5 e5 4. Bxc6 bxc6 5. O-O d6 6. b4 cxb4 7. a3 b3 8. cxb3 Nf6 9. Re1 c5 10. b4 cxb4 11. d4 Be7 12. dxe5 dxe5 13. Qxd8+ Bxd8 14. Nxe5 bxa3 15. Bxa3 Be7 16. Bxe7 Kxe7 17. Nc6+ Ke6 18.
Nc3 Bb7 19. Nxa7 Rhd8 20. f3 Rd3 21. Nab5 Rc8 22. Ra7 Bc6 23. Ra6 Ke7 24. Na7 Rxc3 25. Nxc8+ Kd8 26. Nb6 Kc7 27. Nd5+ Nxd5 28. exd5 Bxd5 29.
Ra7+ Kc6 30. h4 h5 31. Ree7 Rc4 32. Rac7+ Kd6 33. Red7+ Ke6 34. Rxc4 Bxc4 35. Rc7 Bb3 36. Kf2 g6 37. Kg3 Kf6 38. Kf4 Be6 39. Rc6 Kg7 40. Rb6 Bc4 41. Kg5 Bf1 42. g4 hxg4 43. fxg4 Be2 44.
h5 gxh5 45. gxh5 Bd3 46. Rf6 Bc4 47. h6+ Kh7 48. Rf4 Be6 49. Rh4 Bd5 50. Kf6 Be6 51.
Kg5 Bd5 52. Rg4 Be6 53. Rg3 Bd5 54. Kh5 Be6 55. Rg7+ Kh8 56. Kg5 Bd5 57. Kf6 Be6 58.
Ke7 Bd5 59. Kf8 Be6 60. Ke7 Bd5 61. Kf6 Be6 62. Kg5 Bd5 63. Kf6 1/2-1/2